 Dungeon Crawl Stone Soup version 0.31-a0-774-g0d66cbabe8 (webtiles) character file.

Game seed: 11524876333052676630

508 Getoffmy the Cutter (level 6, -13/48 HPs)
             Began as a Demonspawn Brigand on Sept 17, 2023.
             Killed by nerve-wracking pain
             ... invoked by an orc priest
              (14 damage)
             ... on level 4 of the Dungeon.
             The game lasted 00:15:08 (3684 turns).

Getoffmy the Cutter (Demonspawn Brigand)            Turns: 3684, Time: 00:15:10

Health: -13/48     AC:  3    Str: 12    XL:     6   Next: 98%
Magic:  6/6        EV: 11    Int: 12    God:
Gold:   184        SH: 10    Dex: 16    Spells: 5/5 levels left

rFire   . . .        a - +2 dagger
rCold   . . .        n - +2 buckler
rNeg    . . .        b - +0 robe
rPois   .            (no helmet)
rElec   .            c - +0 cloak
rCorr   .            (no gloves)
SInv    .            (no boots)
Will    +....        h - amulet of the acrobat
Stlth   +++          s - ring of willpower
HPRegen 0.28/turn    (no ring)
MPRegen 0.10/turn

%: acrobat
@: hasted, very quick
A: claws 1, large bone plates 1, demonic guardian 2
a: no special abilities


You were on level 4 of the Dungeon.
You visited 1 branch of the dungeon, and saw 4 of its levels.

You collected 184 gold pieces.

Inventory:

Hand Weapons
 a - a +2 dagger (weapon)
Missiles
 d - 9 poisoned darts (quivered)
 e - 3 curare-tipped darts
 f - 21 stones
 q - 2 atropa-tipped darts
Armour
 b - a +0 robe (worn)
 c - a +0 cloak (worn)
 n - a +2 buckler (worn)
 o - a +0 helmet
Jewellery
 h - an amulet of the acrobat (around neck)
 s - a ring of willpower (left claw)
Talismans
 i - a beast talisman
Wands
 t - a wand of polymorph (3)
Scrolls
 g - a scroll of enchant armour {unknown}
 j - a scroll of amnesia {unknown}
 k - 2 scrolls of teleportation {unknown}
 l - 2 scrolls of identify {unknown}
 r - a scroll of revelation {unknown}
Potions
 m - a potion of enlightenment


   Skills:
 + Level 4.1 Fighting
 * Level 5.0 Short Blades
 - Level 1.7 Throwing
 - Level 1.7 Dodging
 + Level 4.8 Stealth


You had 5 spell levels left.
You didn't know any spells.
Your spell library contained the following spells:

 Spells                   Type           Power      Damage    Failure   Level
 Sandblast                Erth           0%         2d4       43%         1
 Passwall                 Tmut/Erth      0%         N/A       58%         2
 Scorch                   Fire           0%         2d5       58%         2
 Stone Arrow              Conj/Erth      0%         3d7       82%         3
 Brom's Barrelling Bould  Conj/Erth      0%         2d3       99%         4
 Flame Wave               Conj/Fire      0%         2d4       99%         4
 Summon Cactus Giant      Summ           0%         N/A       100%        6


Dungeon Overview and Level Annotations

Branches:
Dungeon (4/15)
 Temple: D:4-7

Altars:
Dithmenos
Makhleb
Nemelex Xobeh
Uskayaw

Shops:
D:1 [(   D:2 (   D:4 (


Innate Abilities, Weirdness & Mutations

You have sharp fingernails.
You are partially covered in large bone plates. (SH +4)
A demonic guardian rushes to your aid.


Message History

The orc priest is lightly wounded.
You closely miss the orc priest.
The orc priest is lightly wounded.
The orc priest misses you. Something hits you but does no damage.
You hit the orc priest.
The orc priest is moderately wounded.
You hit the orc priest.
The orc priest is moderately wounded.
You block something's attack.
The orc priest begins to cast a cantrip, but forgets the words!
You hit the orc priest.
The orc priest is moderately wounded.
You hit the orc priest but do no damage.
The orc priest is moderately wounded.
You block the orc priest's attack. Something hits you but does no damage.
You closely miss the orc priest.
The orc priest is moderately wounded.
You hit the orc priest.
The orc priest is heavily wounded.
The orc priest barely misses you. Something hits you.
* * * LOW HITPOINT WARNING * * *
You hit the orc priest but do no damage.
The orc priest is heavily wounded.
You barely miss the orc priest.
The orc priest is heavily wounded.
Something hits you but does no damage.
The orc priest calls down the wrath of Beogh upon you.
Beogh smites you!
* * * LOW HITPOINT WARNING * * *
A demonic guardian appears!
You hear a shout!
You hit the orc priest but do no damage.
The orc priest is heavily wounded.
You hit the orc priest but do no damage.
The orc priest is heavily wounded.
Something hits you.
* * * LOW HITPOINT WARNING * * *
The orc priest invokes the aid of Beogh against you.
Pain shoots through your body!
You die...

###( .# #.##...## #.#
#.#.8.8$. #.#
###.#o..#o.# #.# ..#..
.$..o #.##### #.#.#
#.o##..... #.#4# #..#..#
#.#o# ######.o..#
#####.#@##.....###..#
#......{............####
#.###..###..####.....o..
#.##.......## #..####.#
#.##.#.##.# #..# #.#
#†.....##.# #..####.#
####..###.# #....##<#
####...#..######.#...#.#
+.......................


You could see an orc priest (ally target) and a friendly ice devil (summoned).

Vanquished Creatures
  Sigmund (D:2)
  A scorpion (D:3)
  Ijyb (D:3)
  Terence (D:2)
  Robin (D:2)
  4 adders
  A worm (D:3)
  2 dart slugs (D:2)
  3 orcs (D:3)
  6 bats
  4 endoplasms
  A giant cockroach (D:2)
  10 hobgoblins
  7 jackals
  3 quokkas
  7 ball pythons
  4 frilled lizards
  10 goblins (D:2)
  12 kobolds
  3 rats
82 creatures vanquished.

Vanquished Creatures (collateral kills)
  An orc warrior (D:4)
  An orc (D:3)
  A goblin (D:1)
  A frilled lizard (D:1)
4 creatures vanquished.

Grand Total: 86 creatures vanquished

Notes
Turn   | Place    | Note
-------+----------+-------------------------------------------
     0 | D:1      | Getoffmy the Demonspawn Brigand began the quest for the
                  | Orb.
     0 | D:1      | Reached XP level 1. HP: 16/16 MP: 1/1
   209 | D:1      | Reached skill level 1 in Dodging
   256 | D:1      | Found Gaila's Armour Shoppe.
   271 | D:1      | Reached skill level 2 in Short Blades
   551 | D:1      | Gained mutation: A weak demonic guardian rushes to your
                  | aid. [demonic ancestry]
   551 | D:1      | Reached XP level 2. HP: 22/22 MP: 2/2
   633 | D:1      | Found Dem Guho's Weapon Shoppe.
   756 | D:2      | Noticed Terence
   824 | D:2      | Noticed Robin
   824 | D:2      | Noticed Sigmund
   899 | D:2      | Found a burning altar of Makhleb.
   951 | D:2      | Gained mutation: You are partially covered in large bone
                  | plates. (SH +4) [demonic ancestry]
   951 | D:2      | Reached XP level 3. HP: 20/28 MP: 3/3
  1146 | D:2      | Killed Robin
  1746 | D:2      | Killed Sigmund
  1747 | D:2      | Reached skill level 4 in Short Blades
  1747 | D:2      | Reached XP level 4. HP: 31/35 MP: 4/4
  1747 | D:2      | Gained mutation: A demonic guardian rushes to your aid.
                  | [demonic ancestry]
  1747 | D:2      | Reached XP level 5. HP: 36/41 MP: 5/5
  1884 | D:2      | Killed Terence
  2141 | D:2      | Gained mutation: You have sharp fingernails. [demonic
                  | ancestry]
  2141 | D:2      | Reached XP level 6. HP: 47/47 MP: 6/6
  2204 | D:2      | Found a faded altar of an unknown god.
  2330 | D:2      | Found Doloa's Weapon Boutique.
  2416 | D:3      | Found a shadowy altar of Dithmenos.
  2487 | D:3      | Noticed Ijyb
  2604 | D:3      | Killed Ijyb
  2679 | D:3      | Found a hide-covered altar of Uskayaw.
  2876 | D:3      | Found a sparkling altar of Nemelex Xobeh.
  3003 | D:4      | Noticed an orc warrior
  3044 | D:4      | Found Sisebomi's Antique Weapon Shop.
  3647 | D:4      | Killed an orc warrior
  3648 | D:4      | Reached skill level 5 in Short Blades
  3682 | D:4      | HP: 1/48 [orc priest/divine providence (12)]
  3684 | D:4      | Killed from afar by an orc priest

Illustrated notes

Levels and vault maps discovered:
D:1:      matt_arrival_los_fun, layout_loops_ring, serial_shops, shop,
          nicolae_shop_real_fake_doors
D:2:      layout_basic, hellmonk_ecumenical_altar_dog_temple, basic_altar,
          serial_shops, shop, uniq_robin, uniq_sigmund, uniq_terence
D:3:      layout_basic, nemelex_spade_bored_becter, marbit_many_paths,
          nicolae_dithmenos_through_a_glass_darkly, uniq_ijyb
D:4:      layout_loops_corners, serial_shops, nicolae_stop_n_shop_1,
          guppyfry_early_orc_mine

Skill      XL: |  1  2  3  4  5  6 |
---------------+-------------------+-----
Dodging        | 1 |  1.7
Short Blades   | 2 4 5 |  5.0
Fighting       | 3 4 |  4.1
Stealth        | 4 |  4.8
Throwing       | |  1.7

Action                     |  1- 3 |  4- 6 || total
---------------------------+-------+-------++-------
  Melee: Dagger            |    87 |   237 ||   324
         Unarmed           |       |     2 ||     2
  Throw: Dart              |    14 |    26 ||    40
    Use: Potion            |     1 |     5 ||     6
   Stab: Sleeping          |     4 |     6 ||    10
         Invisible         |       |     1 ||     1
 Armour: Robe              |    37 |    69 ||   106
         Skin              |       |     6 ||     6
  Dodge: Dodged            |    41 |    83 ||   124
  Block: Buckler           |    28 |   105 ||   133

Table legend: (Time is in decaauts)
 A = Elapsed time spent in this place.
 B = Non-inter-level travel time spent in this place.
 C = Inter-level travel time spent in this place.
 D = Time resting spent in this place.
 E = Time spent auto-exploring this place.
 F = Levels seen in this place.
 G = Mean time per level.
                   A        B        C        D        E       F      G
               +--------+--------+--------+--------+--------+-----+--------+
         Total |   3625 |   3434 |    191 |    881 |   1571 |   4 |  906.2 |
       Dungeon |   3625 |   3434 |    191 |    881 |   1571 |   4 |  906.2 |
               +--------+--------+--------+--------+--------+-----+--------+

Top non-repeatable levels by time:
     D:2: 1278 daAuts
     D:1: 1077 daAuts
     D:3: 1069 daAuts
     D:4: 199 daAuts
